Map: Zen LE

Players

Denver

  • Race: Zerg Zerg
  • League: Master
  • Spawn Location: 1:00

ShoWTimE - Winner!

  • Race: Protoss Protoss
  • League: Grandmaster
  • Spawn Location: 7:00

VOD

Have the link to the VOD?

Description

Time

  • Played on: Jan. 14, 2020, 1:47 p.m.
  • Length: 9:54
Show
View Real Time Build Order
Export as new Build Order

Denver Zerg 

Build Orders: Hatch First, Swarm Host 

Get SALT Encoding   

  12  0:00  Drone  
  13  0:12  Overlord  
  13  0:17  Drone  
  14  0:30  Drone  
  14  0:31  Drone  
  16  0:48  Hatchery  
  15  0:52  Drone  
  15  0:55  Drone  
  17  0:59  Drone  
  18  1:10  Extractor  
  17  1:14  Spawning Pool  
  17  1:18  Drone  
  17  1:20  Drone  
  18  1:30  Drone  
  20  1:40  Drone  
  20  1:49  Drone  
  21  2:01  Queen x2  
  21  2:02  Zergling x4  
  27  2:11  Overlord  
  27  2:12  Metabolic Boost  
  27  2:15  Drone  
  28  2:30  Drone x2  
  30  2:42  Hatchery  
  30  2:44  Drone x2  
  29  2:47  Drone  
  31  2:52  Overlord  
  31  2:59  Queen  
  31  3:02  Zergling x2  
  31  3:04  Drone  
  35  3:13  Drone x4  
  37  3:27  Drone  
  37  3:28  Drone x2  
  37  3:29  Drone x2  
  37  3:32  Drone  
  40  3:43  Drone x4  
  40  3:47  Spore Crawler  
  40  3:48  Drone  
  44  3:50  Spore Crawler  
  44  3:53  Drone  
  44  3:56  Overlord  
  44  4:00  Drone  
  44  4:01  Drone  
  46  4:05  Spore Crawler, Drone  
  46  4:06  Drone  
  46  4:09  Overlord  
  47  4:13  Drone  
  48  4:18  Drone x3, Evolution Chamber  
  48  4:22  Queen  
  52  4:24  Drone  
  52  4:28  Drone x2  
  52  4:29  Drone  
  54  4:32  Drone x2  
  56  4:39  Lair  
  56  4:41  Drone x2  
  58  4:46  Extractor  
  58  4:47  Overlord  
  58  4:48  Zergling x6  
  58  4:49  Zergling x2  
  61  4:54  Zergling x4  
  61  4:55  Zergling x4  
  64  5:02  Drone x2  
  64  5:05  Overlord x2  
  61  5:14  Drone  
  61  5:15  Drone x3  
  61  5:18  Drone x4  
  61  5:19  Drone  
  61  5:20  Zerg Missile Weapons Level 1  
  61  5:21  Extractor  
  69  5:23  Overlord  
  69  5:26  Drone  
  69  5:27  Drone x2  
  72  5:33  Drone x3  
  75  5:36  Extractor  
  75  5:38  Roach Warren  
  75  5:39  Drone x2  
  75  5:43  Pneumatized Carapace  
  75  5:44  Drone x2  
  75  5:45  Drone  
  75  5:49  Overlord  
  76  5:52  Drone  
  76  5:53  Drone x3  
  76  5:56  Overlord  
  78  5:57  Overlord  
  78  6:02  Overlord  
  78  6:07  Queen  
  79  6:16  Extractor  
  79  6:17  Extractor  
  77  6:19  Drone x3  
  77  6:20  Glial Reconstitution, Drone x3  
  77  6:24  Baneling Nest  
  82  6:32  Infestation Pit  
  81  6:42  Spire, Drone  
  81  6:44  Roach x7  
  81  6:45  Hatchery  
  92  6:50  Drone x3  
  94  6:55  Overlord  
  94  7:00  Overseer  
  94  7:01  Overlord  
  94  7:03  Overlord  
  94  7:05  Drone  
  95  7:14  Swarm Host x5  
  110  7:19  Overlord  
  110  7:20  Roach x7  
  110  7:21  Ravager x2  
  126  7:28  Swarm Host x2  
  132  7:31  Overlord  
  132  7:33  Queen  
  134  7:38  Swarm Host x2  
  134  7:40  Overlord x2  
  134  7:42  Overlord  
  134  7:53  Drone  
  134  7:54  Nydus Network, Drone x3  
  134  7:55  Extractor  
  134  7:57  Extractor, Queen  
  137  8:00  Swarm Host x3  
  146  8:08  Swarm Host  
  146  8:09  Swarm Host  
  146  8:10  Overlord  
  152  8:15  Roach x4  
  156  8:23  Roach x3  
  161  8:28  Overlord  
  161  8:30  Nydus Canal  
  161  8:33  Roach x4  
  169  8:34  Overlord  
  169  8:37  Overlord  
  166  8:45  Roach  
  166  8:46  Roach x4  
  166  8:48  Overlord  
  176  8:49  Ravager x2  
  177  8:57  Overlord  
  177  9:01  Roach x2  
  181  9:08  Roach x2  
  167  9:11  Roach x3  
  167  9:16  Roach  
  156  9:20  Ravager x2  
  156  9:22  Roach x3  
  164  9:28  Roach  
  166  9:34  Nydus Canal  
Show
View Real Time Build Order
Export as new Build Order

ShoWTimE Protoss - Winner!

Build Orders: 1 Gate Expand, Oracle Opening, Zealot Archon 

Get SALT Encoding   

  12  0:00  Probe  
  13  0:12  Probe  
  14  0:19  Pylon  
  14  0:24  Probe  
  15  0:37  Probe (Chrono Boost)  
  15  0:40  Gateway  
  16  0:46  Probe (Chrono Boost)  
  16  0:47  Assimilator  
  17  0:51  Probe  
  18  1:03  Probe  
  19  1:16  Probe  
  20  1:24  Nexus  
  20  1:33  Cybernetics Core  
  20  1:36  Probe  
  21  1:42  Assimilator  
  21  1:48  Probe  
  21  1:50  Pylon  
  22  2:00  Probe  
  23  2:06  Adept (Chrono Boost)  
  23  2:12  Probe  
  26  2:19  Stargate  
  26  2:24  Probe  
  26  2:27  Adept (Chrono Boost)  
  29  2:33  Warp Gate  
  30  2:38  Probe (Chrono Boost)  
  31  2:44  Probe (Chrono Boost)  
  31  2:49  Adept  
  34  2:54  Probe (Chrono Boost)  
  34  2:55  Probe (Chrono Boost)  
  35  3:00  Probe  
  35  3:01  Probe  
  35  3:03  Oracle (Chrono Boost)  
  40  3:09  Pylon  
  40  3:12  Probe  
  41  3:13  Probe  
  42  3:23  Adept  
  42  3:24  Probe  
  42  3:25  Probe  
  44  3:36  Probe  
  44  3:37  Probe  
  44  3:40  Oracle (Chrono Boost)  
  44  3:42  Gateway  
  47  3:48  Probe  
  47  3:49  Probe  
  47  3:55  Pylon  
  49  4:00  Probe  
  49  4:01  Nexus  
  50  4:03  Probe  
  50  4:09  Pylon  
  51  4:11  Oracle (Chrono Boost)  
  51  4:12  Probe  
  51  4:15  Probe  
  56  4:19  Assimilator  
  56  4:20  Assimilator  
  56  4:25  Probe  
  56  4:27  Probe  
  56  4:31  Adept  
  60  4:34  Robotics Facility  
  60  4:37  Probe, Adept  
  63  4:39  Probe  
  63  4:44  Pylon  
  64  4:49  Probe  
  64  4:51  Probe  
  66  4:53  Sentry, Shield Battery  
  66  4:58  Forge  
  68  5:01  Probe  
  68  5:03  Sentry  
  68  5:05  Probe (Chrono Boost)  
  73  5:14  Probe (Chrono Boost)  
  73  5:17  Stalker  
  73  5:18  Probe (Chrono Boost)  
  73  5:19  Gateway  
  73  5:23  Probe (Chrono Boost)  
  73  5:24  Probe (Chrono Boost)  
  73  5:27  Probe (Chrono Boost)  
  73  5:28  Observer  
  76  5:29  Probe x2 (Chrono Boost)  
  76  5:31  Sentry  
  76  5:32  Protoss Ground Weapons Level 1 (Chrono Boost)  
  76  5:34  Pylon  
  80  5:37  Probe  
  80  5:41  Probe x2  
  83  5:47  Twilight Council  
  83  5:49  Probe  
  84  5:53  Probe x2  
  86  5:57  Immortal (Chrono Boost)  
  86  5:59  Assimilator  
  86  6:01  Probe, Assimilator  
  91  6:04  Pylon, Zealot x2  
  91  6:05  Probe x2  
  97  6:13  Probe  
  97  6:15  Gateway  
  97  6:16  Phoenix, Gateway  
  97  6:17  Probe  
  101  6:19  Pylon  
  101  6:26  Charge  
  101  6:32  Templar Archives  
  101  6:33  Immortal (Chrono Boost)  
  101  6:35  Photon Cannon  
  101  6:37  Photon Cannon  
  101  6:38  Sentry  
  107  6:40  Probe  
  107  6:44  Gateway  
  108  6:52  Zealot x2  
  112  6:57  Gateway x2  
  112  7:06  Gateway, Warp Prism (Chrono Boost)  
  112  7:07  Phoenix  
  112  7:08  Gateway  
  114  7:09  Pylon  
  116  7:16  Pylon  
  116  7:17  Pylon  
  116  7:20  Photon Cannon  
  116  7:22  Photon Cannon  
  116  7:25  Pylon  
  116  7:36  High Templar x3  
  122  7:37  High Templar  
  122  7:38  Zealot x2  
  122  7:42  Archon  
  128  7:44  Archon  
  128  7:50  Immortal  
  132  7:53  Zealot  
  132  7:55  Zealot  
  136  7:59  Zealot x2  
  136  8:01  Pylon  
  136  8:02  Zealot x2  
  144  8:09  Nexus  
  144  8:14  Pylon  
  144  8:16  Probe  
  144  8:17  Probe x2  
  147  8:23  High Templar x3  
  147  8:24  High Templar, Zealot  
  157  8:28  Archon x2  
  157  8:32  Phoenix  
  157  8:33  Photon Cannon  
  159  8:35  Pylon  
  159  8:44  Probe x3  
  162  8:50  Pylon  
  162  8:52  Pylon  
  162  8:56  Probe  
  162  8:57  Zealot x5  
  169  9:03  Void Ray  
  161  9:11  Zealot x4  
  165  9:17  Zealot x2  
  165  9:18  High Templar  
  165  9:19  High Templar  
  165  9:21  Probe x2  
  165  9:23  Archon  
  165  9:24  High Templar x2  
  177  9:30  Archon  
  179  9:31  High Templar x2  
  179  9:32  Zealot x2  
  179  9:35  Archon  
  187  9:39  Zealot x2  
  181  9:45  Assimilator  
Tags
 
Add a new tag
Caveats
  • Supply blocks, unpowered buildings, or Contaminate may cause inaccurate times.
  • Supply counts are checked every 10 seconds.